HSSL
MOUNTAIN POINTE HS @ BILLINGS WEST HS GOLDEN BEARS
04/24/2025
 
TOP OF THE 1ST
Mountain Pointe HS batting - Pitching for Billings West HS Golden Bears : RHP Lyle Scalise
Pitching: RHP Lyle Scalise
Batting: RHB Scott Dixon 0-0: SINGLE (Groundball, 3L)
Batting: RHB John Howell 0-0: Called Strike
Scott Dixon steals 2nd base
0-1: Ball
1-1: Ball
2-1: Called Strike
2-2: Fly out, F8 (Flyball, 8LM)
Batting: RHB Troy Legge 0-0: Called Strike
0-1: 2-RUN HOME RUN (Flyball, 7D), Distance : 367 ft
Batting: RHB Marshall Gross 0-0: Ground out 6-3 (Groundball, 6)
Batting: LHB Brian Turner 0-0: Ball
1-0: Ball
2-0: Ground out 5-3 (Groundball, 5)
Top of the 1st over - 2 run(s), 2 hit(s), 0 error(s), 0 left on base; Mountain Pointe HS 2 - Billings West HS 0
BOTTOM OF THE 1ST
Billings West HS Golden Bears batting - Pitching for Mountain Pointe HS : LHP Cedric Duncan
Pitching: LHP Cedric Duncan
Batting: RHB Dennis Garner 0-0: Called Strike
0-1: Ground out 1-3 (Groundball, 13S)
Batting: SHB Juan Soriano 0-0: Bunt missed!
0-1: Swinging Strike
0-2: Fly out, F6 (Line Drive, 6M)
Batting: RHB Spike Kennedy 0-0: Ball
1-0: Foul Ball, location: 2F
1-1: Fly out, F8 (Flyball, 8RM)
Bottom of the 1st over - 0 run(s), 0 hit(s), 0 error(s), 0 left on base; Mountain Pointe HS 2 - Billings West HS 0
TOP OF THE 2ND
Mountain Pointe HS batting - Pitching for Billings West HS Golden Bears : RHP Lyle Scalise
Batting: RHB Ángel Torres 0-0: Ground out 5-3 (Groundball, 5)
Batting: RHB Ambrosio Hernández 0-0: Called Strike
0-1: Fly out, F8 (Flyball, 78M)
Batting: RHB Harry Edwards 0-0: Ball
1-0: Called Strike
1-1: Fly out, F8 (Flyball, 8LM)
Top of the 2nd over - 0 run(s), 0 hit(s), 0 error(s), 0 left on base; Mountain Pointe HS 2 - Billings West HS 0
BOTTOM OF THE 2ND
Billings West HS Golden Bears batting - Pitching for Mountain Pointe HS : LHP Cedric Duncan
Batting: LHB Duane Lemay 0-0: Ball
1-0: Ball
2-0: Called Strike
2-1: Called Strike
2-2: Foul Ball, location: 2F
2-2: Strikes out swinging
Batting: RHB Bill Reed 0-0: Ball
1-0: Ball
2-0: Foul Ball, location: 2F
2-1: Foul Ball, location: 2F
2-2: Strikes out swinging
Batting: RHB Chase Wilkerson 0-0: Fly out, F9 (Flyball, 89S)
Bottom of the 2nd over - 0 run(s), 0 hit(s), 0 error(s), 0 left on base; Mountain Pointe HS 2 - Billings West HS 0
TOP OF THE 3RD
Mountain Pointe HS batting - Pitching for Billings West HS Golden Bears : RHP Lyle Scalise
Batting: SHB Erwin Dwyer 0-0: Ball
1-0: Reached on Error, E6 (Popup, 6MD)
Batting: RHB Scott Dixon 0-0: Called Strike
0-1: Ball
1-1: Ball
2-1: Foul Ball, location: 2F
2-2: Strikes out looking
Batting: RHB John Howell 0-0: Called Strike
0-1: Foul Ball, location: 2F
0-2: Ball
1-2: Foul Ball, location: 2F
1-2: Strikes out swinging
Batting: RHB Troy Legge 0-0: Swinging Strike
0-1: Ball
1-1: Foul Ball, location: 2F
1-2: Foul Ball, location: 2F
1-2: Ball
2-2: Foul Ball, location: 2F
2-2: Foul Ball, location: 2F
2-2: SINGLE (Groundball, 6D)
Erwin Dwyer to second
Batting: RHB Marshall Gross 0-0: Swinging Strike
0-1: Called Strike
0-2: Ball
1-2: Strikes out swinging
Top of the 3rd over - 0 run(s), 1 hit(s), 1 error(s), 2 left on base; Mountain Pointe HS 2 - Billings West HS 0
BOTTOM OF THE 3RD
Billings West HS Golden Bears batting - Pitching for Mountain Pointe HS : LHP Cedric Duncan
Batting: RHB Louis Vance 0-0: Swinging Strike
0-1: Ball
1-1: Fly out, F7 (Flyball, 78M)
Batting: RHB Jason Nava 0-0: Ball
1-0: Ground out 5-3 (Groundball, 56S)
Batting: RHB Bryce Murray 0-0: Called Strike
0-1: Ball
1-1: Fly out, F7 (Flyball, 8LM)
Bottom of the 3rd over - 0 run(s), 0 hit(s), 0 error(s), 0 left on base; Mountain Pointe HS 2 - Billings West HS 0
TOP OF THE 4TH
Mountain Pointe HS batting - Pitching for Billings West HS Golden Bears : RHP Lyle Scalise
Batting: LHB Brian Turner 0-0: Called Strike
0-1: Ball
1-1: Ball
2-1: Ball
3-1: Called Strike
3-2: Strikes out looking
Batting: RHB Ángel Torres 0-0: Ball
1-0: Ball
2-0: SOLO HOME RUN (Flyball, 7D), Distance : 372 ft
Batting: RHB Ambrosio Hernández 0-0: Called Strike
0-1: Ball
1-1: Foul Ball, location: 2F
1-2: Ball
2-2: Strikes out swinging
Batting: RHB Harry Edwards 0-0: Called Strike
0-1: DOUBLE (Line Drive, 89M)
Batting: SHB Erwin Dwyer 0-0: Ground out 4-3 (Groundball, 4)
Top of the 4th over - 1 run(s), 2 hit(s), 0 error(s), 1 left on base; Mountain Pointe HS 3 - Billings West HS 0
BOTTOM OF THE 4TH
Billings West HS Golden Bears batting - Pitching for Mountain Pointe HS : LHP Cedric Duncan
Batting: RHB Dennis Garner 0-0: Ball
1-0: Swinging Strike
1-1: Foul Ball, location: 2F
1-2: Ball
2-2: Strikes out looking
Batting: SHB Juan Soriano 0-0: Called Strike
0-1: Foul Ball, location: 2F
0-2: Foul Ball, location: 2F
0-2: Strikes out swinging
Batting: RHB Spike Kennedy 0-0: Ball
1-0: Ball
2-0: Foul Ball, location: 2F
2-1: Ball
3-1: Foul Ball, location: 2F
3-2: Foul Ball, location: 2F
3-2: Foul Ball, location: 2F
3-2: Base on Balls
Batting: LHB Duane Lemay 0-0: 2-RUN HOME RUN (Flyball, 89XD), Distance : 428 ft
Batting: RHB Bill Reed 0-0: Ball
1-0: Ball
2-0: Ball
3-0: Base on Balls
Batting: RHB Chase Wilkerson 0-0: Called Strike
0-1: Ball
1-1: Foul Ball, location: 2F
1-2: Ball
2-2: Ball
3-2: Strikes out swinging
Bottom of the 4th over - 2 run(s), 1 hit(s), 0 error(s), 1 left on base; Mountain Pointe HS 3 - Billings West HS 2
TOP OF THE 5TH
Mountain Pointe HS batting - Pitching for Billings West HS Golden Bears : RHP Lyle Scalise
Batting: RHB Scott Dixon 0-0: Ball
1-0: Ground out 3-1 (Groundball, 3)
Batting: RHB John Howell 0-0: Reached on error, E6 (Groundball, 6)
Batting: RHB Troy Legge 0-0: Called Strike
0-1: Ball
1-1: Swinging Strike
1-2: Foul Ball, location: 2F
1-2: Strikes out swinging
Batting: RHB Marshall Gross 0-0: Called Strike
0-1: Ball
1-1: Ball
2-1: Swinging Strike
2-2: Strikes out swinging
Top of the 5th over - 0 run(s), 0 hit(s), 1 error(s), 1 left on base; Mountain Pointe HS 3 - Billings West HS 2
BOTTOM OF THE 5TH
Billings West HS Golden Bears batting - Pitching for Mountain Pointe HS : LHP Cedric Duncan
Batting: RHB Louis Vance 0-0: Called Strike
0-1: Ball
1-1: Ball
2-1: Ball
3-1: Called Strike
3-2: Strikes out swinging
Batting: RHB Jason Nava 0-0: Ball
1-0: Ball
2-0: Foul Ball, location: 2F
2-1: Swinging Strike
2-2: Foul Ball, location: 2F
2-2: Ball
3-2: Foul Ball, location: 2F
3-2: Strikes out swinging
Batting: RHB Bryce Murray 0-0: Called Strike
0-1: Foul Ball, location: 2F
0-2: Ground out 6-3 (Groundball, 6)
Bottom of the 5th over - 0 run(s), 0 hit(s), 0 error(s), 0 left on base; Mountain Pointe HS 3 - Billings West HS 2
TOP OF THE 6TH
Mountain Pointe HS batting - Pitching for Billings West HS Golden Bears : RHP Lyle Scalise
Batting: LHB Brian Turner 0-0: Foul Ball, location: 2F
0-1: Called Strike
0-2: Foul Ball, location: 2F
0-2: SINGLE (Line Drive, 8LS)
Batting: RHB Ángel Torres 0-0: Foul Ball, location: 2F
0-1: Foul Ball, location: 2F
0-2: Fly out, F6 (Popup, 6MD)
Batting: RHB Ambrosio Hernández 0-0: Fly out, F3 (Popup, 4S)
Pitching: RHP Bob Roy
Batting: RHB Harry Edwards 0-0: Called Strike
0-1: SINGLE (Line Drive, 89M)
Brian Turner to second
Runner from 2nd tries for 3rd, SAFE, no throw or cutoff
Batting: SHB Erwin Dwyer 0-0: Ground out 1-3 (Groundball, 13)
Top of the 6th over - 0 run(s), 2 hit(s), 0 error(s), 2 left on base; Mountain Pointe HS 3 - Billings West HS 2
BOTTOM OF THE 6TH
Billings West HS Golden Bears batting - Pitching for Mountain Pointe HS : LHP Cedric Duncan
Batting: RHB Dennis Garner 0-0: Ball
1-0: Ground out 4-3 (Groundball, 4M)
Batting: SHB Juan Soriano 0-0: Swinging Strike
0-1: Ground out 1-3 (Groundball, 13)
Batting: RHB Spike Kennedy 0-0: Ball
1-0: Ball
2-0: Ball
3-0: Called Strike
3-1: Swinging Strike
3-2: Ground out 6-3 (Groundball, 6M)
Bottom of the 6th over - 0 run(s), 0 hit(s), 0 error(s), 0 left on base; Mountain Pointe HS 3 - Billings West HS 2
TOP OF THE 7TH
Mountain Pointe HS batting - Pitching for Billings West HS Golden Bears : RHP Bob Roy
Batting: RHB Scott Dixon 0-0: Ball
1-0: DOUBLE (Line Drive, 3D)
Batting: RHB John Howell 0-0: Intentional Walk
Batting: RHB Troy Legge 0-0: Swinging Strike
0-1: Ground out U3 (Groundball, 3S)
Scott Dixon to third
John Howell to second
Batting: RHB Marshall Gross 0-0: Ball
1-0: Called Strike
1-1: Ball
2-1: Ball
3-1: Foul Ball, location: 2F
3-2: Foul Ball, location: 2F
3-2: Base on Balls
Batting: LHB Brian Turner 0-0: Ball
1-0: Ball
2-0: Called Strike
2-1: Foul Ball, location: 2F
2-2: Ball
3-2: Strikes out swinging
Batting: RHB Ángel Torres 0-0: Fly out, F7 (Flyball, 7M)
Top of the 7th over - 0 run(s), 1 hit(s), 0 error(s), 3 left on base; Mountain Pointe HS 3 - Billings West HS 2
BOTTOM OF THE 7TH
Billings West HS Golden Bears batting - Pitching for Mountain Pointe HS : LHP Cedric Duncan
Pitching: LHP Albert Martin
Batting: LHB Duane Lemay 0-0: Called Strike
0-1: Ball
1-1: Foul Ball, location: 2F
1-2: SINGLE (Groundball, 34D)
Batting: RHB Bill Reed 0-0: Ball
1-0: Ball
2-0: Ball
3-0: Called Strike
3-1: SINGLE (Line Drive, 7LS)
Duane Lemay to second
Batting: RHB Chase Wilkerson 0-0: Foul Ball, location: 2F
0-1: Called Strike
0-2: Ball
1-2: Ball
2-2: Strikes out looking
Batting: RHB Louis Vance 0-0: Foul Ball, location: 2F
0-1: Swinging Strike
0-2: Foul Ball, location: 2F
0-2: Foul Ball, location: 2F
0-2: Ground out 4-3 (Groundball, 4S)
Duane Lemay to third
Bill Reed to second
Batting: RHB Jason Nava 0-0: Ball
1-0: Swinging Strike
1-1: Foul Ball, location: 2F
1-2: Ball
2-2: Ball
3-2: Strikes out swinging
Bottom of the 7th over - 0 run(s), 2 hit(s), 0 error(s), 2 left on base; Mountain Pointe HS 3 - Billings West HS 2
TOP OF THE 8TH
Mountain Pointe HS batting - Pitching for Billings West HS Golden Bears : RHP Bob Roy
Pitching: LHP Bill Klug
Batting: RHB Ambrosio Hernández 0-0: Ball
1-0: Called Strike
1-1: Ground out 6-3 (Groundball, 6)
Batting: RHB Harry Edwards 0-0: Ball
1-0: Ball
2-0: Ball
3-0: Base on Balls
Batting: SHB Erwin Dwyer 0-0: Ball
1-0: Ball
2-0: Foul Ball, location: 2F
2-1: Ball
3-1: Base on Balls
Harry Edwards to second
Batting: RHB Scott Dixon 0-0: Swinging Strike
0-1: Ball
1-1: Foul Ball, location: 2F
1-2: Foul Ball, location: 2F
1-2: Ball
2-2: Foul Ball, location: 2F
2-2: Ball
3-2: Base on Balls
Harry Edwards to third
Erwin Dwyer to second
Batting: RHB John Howell 0-0: Ball
1-0: Swinging Strike
1-1: Foul Ball, location: 2F
1-2: Strikes out swinging
Batting: RHB Troy Legge 0-0: Ball
1-0: Called Strike
1-1: Ball
2-1: Foul Ball, location: 2F
2-2: Ball
3-2: SINGLE (Groundball, 15S) (infield hit)
Harry Edwards scores
Erwin Dwyer to third
Scott Dixon to second
Batting: RHB Marshall Gross 0-0: Called Strike
0-1: Ball
Wild Pitch!
Erwin Dwyer scores
Scott Dixon to third
Troy Legge to second
1-1: Ball
2-1: Ball
3-1: Called Strike
3-2: Foul Ball, location: 2F
3-2: Foul Ball, location: 2F
3-2: Fly out, F7 (Flyball, 7M)
Top of the 8th over - 2 run(s), 1 hit(s), 0 error(s), 2 left on base; Mountain Pointe HS 5 - Billings West HS 2
BOTTOM OF THE 8TH
Billings West HS Golden Bears batting - Pitching for Mountain Pointe HS : LHP Albert Martin
Pitching: RHP Tom Emery
Batting: RHB Bryce Murray 0-0: Swinging Strike
0-1: Called Strike
0-2: Foul Ball, location: 2F
0-2: Ball
1-2: SINGLE (Groundball, 56)
Pitching: RHP José Ferreira
Batting: RHB Dennis Garner 0-0: Reached on error, E4 (Groundball, 4)
Bryce Murray to second
Batting: SHB Juan Soriano 0-0: Called Strike
0-1: Called Strike
0-2: Ball
1-2: Ball
2-2: Foul Ball, location: 2F
2-2: Ball
3-2: Strikes out swinging
Batting: RHB Spike Kennedy 0-0: Foul Ball, location: 2F
0-1: Called Strike
0-2: Ball
1-2: Ball
2-2: Ball
3-2: SINGLE (Groundball, 13) (infield hit)
Bryce Murray to third
Dennis Garner to second
Pitching: LHP Ángel Ferrer
Batting: LHB Duane Lemay 0-0: Called Strike
0-1: Foul Ball, location: 2F
0-2: Ball
1-2: Grounds into double play, U4-3 (Groundball, 4)
Bottom of the 8th over - 0 run(s), 2 hit(s), 1 error(s), 2 left on base; Mountain Pointe HS 5 - Billings West HS 2
TOP OF THE 9TH
Mountain Pointe HS batting - Pitching for Billings West HS Golden Bears : LHP Bill Klug
Batting: LHB Brian Turner 0-0: Ground out 4-3 (Groundball, 34)
Batting: RHB Ángel Torres 0-0: Foul Ball, location: 2F
0-1: Ball
1-1: Swinging Strike
1-2: Ball
2-2: Strikes out swinging
Pitching: LHP Larry Payne
Batting: RHB Ambrosio Hernández 0-0: Ball
1-0: Fly out, F8 (Flyball, 8LM)
Top of the 9th over - 0 run(s), 0 hit(s), 0 error(s), 0 left on base; Mountain Pointe HS 5 - Billings West HS 2
BOTTOM OF THE 9TH
Billings West HS Golden Bears batting - Pitching for Mountain Pointe HS : LHP Ángel Ferrer
Pitching: RHP Carlos Zamora
Batting: RHB Bill Reed 0-0: Ball
1-0: Foul Ball, location: 2F
1-1: Called Strike
1-2: Foul Ball, location: 2F
1-2: Foul Ball, location: 2F
Single, Error in OF, E8, batter to second base
Batting: RHB Chase Wilkerson 0-0: Ball
1-0: Called Strike
1-1: Ball
2-1: Foul Ball, location: 2F
2-2: Ground out 6-3 (Groundball, 6M)
Bill Reed to third
Batting: RHB Louis Vance 0-0: Called Strike
0-1: Called Strike
0-2: Ball
1-2: Foul Ball, location: 2F
1-2: DOUBLE (Line Drive, 7LM)
Bill Reed scores
Batting: RHB Jason Nava 0-0: DOUBLE (Popup, 9LS)
Louis Vance scores
Batting: RHB Bryce Murray 0-0: Ball
1-0: Called Strike
1-1: Foul Ball, location: 2F
1-2: Ball
2-2: Foul Ball, location: 2F
2-2: Ball
3-2: Base on Balls
Batting: RHB Dennis Garner 0-0: Foul Ball, location: 2F
0-1: Ball
1-1: Grounds into double play, 5-4-3 (Groundball, 56)
Bottom of the 9th over - 2 run(s), 3 hit(s), 1 error(s), 1 left on base; Mountain Pointe HS 5 - Billings West HS 4
This league is powered by Out of the Park Baseball, the baseball management simulation game for PC, Mac and Linux
Tuesday, August 2nd, 2016 - OOTP Baseball 16.8 Build 38